cohdb
Replays
Latest Replays
All Replays
Popular Replays
Top Player Replays
Match Explorer
How It Works
Community
CoH3 Stats
Reddit
Sign in to upload your games and track your stats! →
Sign in with Steam
Match 43220979
Unlisted
Match 43220979
Overview
Messages
Build Orders
End
Scout Squad
Construct Barracks
Riflemen Squad
Riflemen Squad
Infantry Support Center
Construct Weapon Support Center
M1919 Machine Gun Team
M3 Armored Personnel Carrier
Selects Heavy Weapons
Selects Assault Carriers
Selects Exchangeable Parts
M3 Assault Carrier
M1918 Browning Automatic Rifles
M3 Assault Carrier
Engineer Squad
M1919 Machine Gun Team
Selects M2HB .50cal Heavy Machine Gun
M3 Assault Carrier
Grenade Package
Anevan
Legionary
MOSH MOSHI
Dreamer
General Ho Lee phuc
NinjaGaiden
0
0
Comments
sign in to comment!
No comments posted yet!